 Dungeon Crawl Stone Soup version 0.21-a0-421-gfc1ce30 (webtiles) character file.

12252 kae the Geomancer (level 11, -3/62 HPs)
             Began as a Gargoyle Earth Elementalist on Nov 4, 2017.
             Was a Priest of Vehumet.
             Slain by a komodo dragon (11 damage)
             ... on level 2 of the Lair of Beasts.
             The game lasted 00:19:42 (14344 turns).

kae the Geomancer (Gargoyle Earth Elementalist)    Turns: 14344, Time: 00:19:43

Health: -3/62      AC: 15    Str: 12    XL:     11   Next: 90%
Magic:  0/23       EV: 15    Int: 19    God:    Vehumet [***...]
Gold:   666        SH:  0    Dex: 10    Spells: 23/27 levels left

rFire    + . .     SeeInvis .   i - +2 short sword (venom)
rCold    . . .     Gourm    .   (no shield)
rNeg     + . .     Faith    .   M - +2 robe {rF+}
rPois    ∞         Spirit   +   l - +0 helmet
rElec    +         Reflect  .   A - scarf {Spirit}
rCorr    .         Harm     .   (no gloves)
MR       .....                  t - +1 pair of boots
Stlth    ++........             (no amulet)
HPRegen  0.20/turn              h - ring of poison resistance
MPRegen  0.18/turn              E - +2 ring of evasion

@: no status effects
A: negative energy resistance 1, electricity resistance, unbreathing,
petrification resistance, rot immunity, AC +8
a: Renounce Religion


You were on level 2 of the Lair of Beasts.
You worshipped Vehumet.
Vehumet was most pleased with you.
You were not hungry.

You visited 3 branches of the dungeon, and saw 13 of its levels.

You collected 679 gold pieces.
You spent 13 gold pieces at shops.

Inventory:

Hand Weapons
 a - a +0 club
 i - a +2 short sword of venom (weapon)
 p - a +3 dagger of venom
 u - the +4 hand axe of Biliv {freeze, Stlth+}
   (You found it on level 4 of the Dungeon)

   It has been specially enchanted to freeze those struck by it, causing extra
   injury to most foes and up to half again as much damage against particularly
   susceptible opponents.
   It can also slow down cold-blooded creatures.
   It makes you more stealthy.
Missiles
 b - 192 stones (quivered)
Armour
 l - a +0 helmet (worn)
 t - a +1 pair of boots (worn)
 A - a scarf of spirit shield (worn)
 M - a +2 robe of fire resistance (worn)
Magical Staves
 J - an uncursed staff of summoning
Jewellery
 h - a ring of poison resistance (left hand)
 E - a +2 ring of evasion (right hand)
 I - an uncursed ring of protection from cold {unknown}
Wands
 g - a wand of random effects (21/48)
 w - a wand of clouds (4/9)
 D - a wand of polymorph (13/24)
 H - a wand of lightning (6/15)
Scrolls
 c - 2 scrolls of teleportation
 f - 3 scrolls of amnesia
 k - 10 scrolls of remove curse
 o - 2 scrolls of identify
 r - a scroll of brand weapon {unknown}
 y - 3 scrolls of magic mapping
 z - 2 scrolls of fog
 G - a scroll of enchant armour
Potions
 m - 2 potions of might
 q - a potion of flight
 B - 2 potions of invisibility
 K - a potion of mutation
 N - a potion of agility {unknown}
Books
 e - a book of Geomancy

   Spells                             Type                      Level
   a - Sandblast                      Earth                        1
   b - Passwall                       Transmutation/Earth          2
   c - Stone Arrow                    Conjuration/Earth            3
   d - Petrify                        Transmutation/Earth          4
   e - Lee's Rapid Deconstruction     Earth                        5
 C - a Young Poisoner's Handbook

   Spells                             Type                      Level
   a - Sting                          Conjuration/Poison           1
   b - Poisonous Vapours              Poison/Air                   2
   c - Mephitic Cloud                 Conjuration/Poison/Air       3
   d - Olgreb's Toxic Radiance        Poison                       4
   e - Venom Bolt                     Conjuration/Poison           5
 L - a book of Necromancy

   Spells                             Type                      Level
   a - Pain                           Necromancy                   1
   b - Animate Skeleton               Necromancy                   1
   c - Vampiric Draining              Necromancy                   3
   d - Regeneration                   Charms/Necromancy            3
   e - Animate Dead                   Necromancy                   4
   f - Control Undead                 Necromancy                   4
Comestibles
 d - 9 bread rations
 j - 3 fruits
 n - 6 meat rations
 s - 16 royal jellies
 v - 4 chunks of flesh


   Skills:
 + Level 4.7 Fighting
 - Level 5.2 Short Blades
 + Level 4.8 Armour
 + Level 4.0 Dodging
 - Level 2.1 Stealth
 * Level 8.8 Spellcasting
 * Level 9.8 Conjurations
   Level 0.7 Transmutations
 * Level 11.5 Earth Magic


You had 23 spell levels left.
You knew the following spells:

 Your Spells              Type           Power        Failure   Level  Hunger
a - Sandblast             Erth           ######       1%          1    None
b - Stone Arrow           Conj/Erth      #####.       1%          3    None


Dungeon Overview and Level Annotations

Branches:
Dungeon (10/15)            Temple (1/1) D:4            Lair (2/6) D:10
    Orc (0/2) D:9
  Swamp: Lair:2-4    Shoals: Lair:2-4     Snake: Lair:2-4    Spider: Lair:2-4

Altars:
Ashenzari
Cheibriados
Dithmenos
Elyvilon
Fedhas
Gozag
Hepliaklqana
Kikubaaqudgha
Makhleb
Nemelex Xobeh
Okawaru
Qazlal
Ru
Sif Muna
Trog
Uskayaw
Vehumet
Wu Jian
Xom
Yredelemnul
Zin
The Shining One

Shops:
D:4 *   D:10 *

Annotations:
D:3 1 runed door, pepi55's ghost, amateur MiFi


Innate Abilities, Weirdness & Mutations

You are resistant to torment.
Your stone body is resilient. (AC +8)
You are immune to poison.
You resist negative energy. (rN+)
You are resistant to electric shocks. (rElec)
You can survive without breathing.
You are immune to petrification.
You are immune to rotting.


Message History

The komodo dragon is almost dead.
b - 192 stones The porcupine barely misses you.
The komodo dragon bites you but does no damage.
Casting: Sandblast
Confirm with . or Enter, or press ? or * to list all spells.
You don't have enough magic to cast that spell.
Casting: Sandblast
Confirm with . or Enter, or press ? or * to list all spells.
You don't have enough magic to cast that spell.
You hit the komodo dragon but do no damage.
The komodo dragon is poisoned.
The komodo dragon is almost dead.
The porcupine bites you.
* * * LOW HITPOINT WARNING * * *
The komodo dragon misses you.
The porcupine twitches its whiskers.
The porcupine barely misses you. The komodo dragon bites you!
You die...

. #...# ... #. ##.[.#
#.####
####.##P...###.#..##..
................)....#
......................[P
.........................
.......................#P.
.......................#
.....#PP..###@...........#
............lr....#..#####
..................###.#
.....#............# ...
............#............
P...........#.....##....#
..................# ..
...###!##..#.....# .
#..#........#


You could see a komodo dragon and a porcupine.

Vanquished Creatures
  Gastronok (Lair:1)
  A two-headed ogre (D:8)
  Pikel (D:6)
  Joseph (D:8)
  Psyche (D:7)
  A rime drake (Lair:1)
  4 komodo dragons
  A queen bee (D:7)
  6 hippogriffs
  A wyvern (D:10)
  A hungry ghost (D:9)
  3 water moccasins
  Duvessa (D:5)
  A porcupine (Lair:1)
  5 ice beasts
  4 orc warriors
  A black bear (Lair:1)
  2 sky beasts
  5 ogres
  6 centaurs
  2 phantoms (D:9)
  A necrophage (D:8)
  8 bullfrogs
  Dowan (D:5)
  6 scorpions
  2 troll zombies (D:9)
  17 killer bees
  8 wights
  A howler monkey (D:4)
  2 crimson imps
  A bullfrog zombie (D:5)
  2 hounds
  3 jellies
  3 orc priests
  2 centaur skeletons
  7 orc wizards
  Ijyb (D:3)
  3 iguanas
  10 worker ants
  A killer bee zombie (D:5)
  4 ogre zombies (D:9)
  A hound skeleton (D:10)
  A worker ant zombie (D:4)
  Robin (D:4)
  3 gnolls (D:9)
  2 howler monkey skeletons
  10 adders
  2 shadow imps (D:5)
  2 adder skeletons (D:4)
  2 worms
  3 dart slugs
  5 leopard geckos
  25 orcs
  3 giant cockroaches
  21 goblins
  6 hobgoblins
  9 jackals
  9 kobolds
  3 quokkas
  7 bats
  6 frilled lizards
  3 goblin zombies (D:9)
  2 hobgoblin skeletons (D:9)
  An orc skeleton (D:9)
  13 orc zombies (D:9)
  10 rats
282 creatures vanquished.

Vanquished Creatures (others)
  Menkaure (D:6)
  A black bear (D:6)
  2 slaves (D:6)
  A howler monkey (D:6)
  2 orcs (D:6)
  A giant cockroach (D:6)
  A goblin (D:4)
  2 jackals (D:6)
  9 plants (D:10)
20 creatures vanquished.

Grand Total: 302 creatures vanquished

Notes
Turn   | Place    | Note
-------+----------+-------------------------------------------
     0 | D:1      | kae the Gargoyle Earth Elementalist began the quest for the Orb.
     0 | D:1      | Reached XP level 1. HP: 10/10 MP: 3/3
    94 | D:1      | Reached XP level 2. HP: 15/15 MP: 5/5
   136 | D:1      | Reached skill level 4 in Earth Magic
   781 | D:1      | Reached XP level 3. HP: 17/19 MP: 6/6
   789 | D:1      | Learned a level 3 spell: Stone Arrow
  1944 | D:2      | Reached skill level 1 in Conjurations
  1944 | D:2      | Reached XP level 4. HP: 24/24 MP: 5/8
  1963 | D:2      | Reached skill level 1 in Short Blades
  2265 | D:2      | Reached XP level 5. HP: 28/28 MP: 9/9
  2319 | D:2      | Reached skill level 5 in Earth Magic
  2588 | D:3      | Noticed Ijyb
  2610 | D:3      | Killed Ijyb
  2700 | D:3      | Noticed pepi55's ghost (amateur MiFi)
  2886 | D:2      | HP: 1/28 [rat (2)]
  3333 | D:3      | Reached XP level 6. HP: 32/32 MP: 11/11
  3725 | D:3      | Found a runed door.
  4605 | D:4      | Reached XP level 7. HP: 30/36 MP: 11/13
  4722 | D:4      | Reached skill level 6 in Earth Magic
  4729 | D:4      | Found Zoqoante's General Store.
  4737 | D:4      | Bought 13 stones for 13 gold pieces
  4791 | D:4      | Found a staircase to the Ecumenical Temple.
  4880 | Temple   | Entered the Ecumenical Temple
  4976 | Temple   | Became a worshipper of Vehumet
  5035 | D:4      | Found a basalt altar of Yredelemnul.
  5180 | D:4      | Got a warped hand axe
  5184 | D:4      | Identified the +4 hand axe of Biliv {freeze, Stlth+} (You found it on level 4 of the Dungeon)
  5325 | D:4      | Noticed Robin
  5357 | D:4      | Killed Robin
  5609 | D:5      | Entered Level 5 of the Dungeon
  5674 | D:5      | Reached XP level 8. HP: 24/41 MP: 12/14
  5846 | D:5      | Found a sparkling altar of Nemelex Xobeh.
  6132 | D:5      | Noticed Duvessa
  6134 | D:5      | Noticed Dowan
  6147 | D:5      | Killed Duvessa
  6155 | D:5      | Killed Dowan
  6155 | D:5      | Reached skill level 7 in Earth Magic
  6311 | D:5      | Reached skill level 5 in Spellcasting
  6332 | D:5      | Reached skill level 5 in Conjurations
  6909 | D:6      | Noticed Menkaure
  7150 | D:5      | Reached * piety under Vehumet
  7150 | D:5      | Offered knowledge of Sting by Vehumet.
  7419 | D:6      | Noticed Pikel
  7429 | D:6      | Killed Pikel
  7429 | D:6      | Reached skill level 5 in Short Blades
  7429 | D:6      | Reached skill level 8 in Earth Magic
  7429 | D:6      | Reached XP level 9. HP: 32/45 MP: 3/17
  7522 | D:6      | Got a twisted hat
  7533 | D:6      | Identified the +2 hat of the Were-rabbit {+Fly rF- MR+++ Int-4} (You found it on level 6 of the Dungeon)
  7659 | D:6      | Killed Menkaure
  8839 | D:7      | Found an iron altar of Okawaru.
  9199 | D:8      | Noticed Joseph
  9208 | D:7      | Reached skill level 9 in Earth Magic
  9246 | D:8      | Noticed Psyche
  9267 | D:7      | Killed Psyche
  9267 | D:7      | Reached skill level 1 in Fighting
  9267 | D:7      | Reached skill level 1 in Armour
  9334 | D:8      | Noticed a queen bee
  9351 | D:7      | Killed a queen bee
  9351 | D:7      | Reached XP level 10. HP: 31/52 MP: 5/20
 10400 | D:8      | Killed Joseph
 10410 | D:8      | Noticed a two-headed ogre
 10615 | D:8      | Killed a two-headed ogre
 10615 | D:8      | Reached skill level 10 in Earth Magic
 10724 | D:8      | Found a snail-covered altar of Cheibriados.
 11130 | D:9      | Offered knowledge of Flame Tongue by Vehumet.
 11216 | D:9      | Reached ** piety under Vehumet
 11250 | D:9      | Found a staircase to the Orcish Mines.
 11490 | D:9      | Reached XP level 11. HP: 44/60 MP: 22/22
 11544 | D:9      | Offered knowledge of Ignite Poison by Vehumet.
 11608 | D:9      | Found a shadowy altar of Dithmenos.
 11852 | D:10     | Entered Level 10 of the Dungeon
 12213 | D:10     | Reached *** piety under Vehumet
 12332 | D:10     | Found Gozag's Platinum Reserve.
 12354 | D:10     | Found an opulent altar of Gozag.
 12797 | D:10     | Found a staircase to the Lair.
 12950 | Lair:1   | Entered Level 1 of the Lair of Beasts
 13305 | Lair:1   | Offered knowledge of Static Discharge by Vehumet.
 13311 | Lair:1   | Reached skill level 11 in Earth Magic
 13988 | Lair:2   | Noticed Gastronok
 14002 | Lair:1   | HP: 2/62 [Gastronok (17)]
 14011 | Lair:1   | HP: 2/62 [Gastronok (16)]
 14013 | Lair:1   | Killed Gastronok
 14344 | Lair:2   | Slain by a komodo dragon

Vault maps used:
D:1:      dpeg_arrival_shelter
D:3:      uniq_ijyb, uniq_crazy_yiuf_cottage
D:4:      old_standard_altar, minmay_temple_entry_nine_rooms, serial_shops,
          shop, first_bread, uniq_robin
D:5:      nemelex_xobeh_ov_fountains_minmay, uniq_duvessa
D:6:      minmay_misc_feat_columns, uniq_pikel, uniq_menkaure
D:7:      lemuel_doored_altar
D:8:      marbit_many_paths, david_nohive_1, uniq_psyche, uniq_joseph
D:9:      zombieorc1_lemuel, grunt_dithmenos_smoke_and_mirrors
D:10:     cheibrodos_helix_gallery, david_lair_shrubbed,
          nicolae_gozag_zags_fifth_avenue
Temple:   regret_index_temple_mists
Lair:1:   infiniplex_staircase_pool_2, grunt_megastairs_4
Lair:2:   lemuel_slime, minmay_snake_entry_six_corridors, beast_lair_carwin_10,
          uniq_nergalle, uniq_gastronok

Skill      XL: |  1  2  3  4  5  6  7  8  9 10 11 |
---------------+----------------------------------+-----
Earth Magic    | 4 5 6 8 9 10 11 | 11.5
Spellcasting   | 3 4 5 6 7 8 |  8.8
Conjurations   | 1 2 3 4 6 7 8 9 |  9.8
Short Blades   | 1 2 3 5 |  5.2
Fighting       | 1 3 4 |  4.7
Armour         | 1 3 4 |  4.8
Dodging        | 2 3 4 |  4.0
Stealth        | |  2.1
Transmutations | |  0.7

Action                   |  1- 3 |  4- 6 |  7- 9 | 10-12 || total
-------------------------+-------+-------+-------+-------++-------
Melee: Club              |   144 |       |       |       ||   144
       Unarmed           |     4 |       |       |       ||     4
       Dagger            |     7 |   120 |       |       ||   127
       Short sword       |       |    33 |   342 |   437 ||   812
 Cast: Sandblast         |    16 |    18 |    25 |    51 ||   110
       Stone Arrow       |       |     9 |    31 |    97 ||   137
  Use: Scroll            |       |     7 |     6 |     8 ||    21
       Potion            |       |     2 |     1 |     7 ||    10
 Stab: Sleeping          |     2 |     1 |     2 |     1 ||     6
  Eat: Chunk             |     3 |    10 |    13 |    19 ||    45
       Fruit             |       |       |     4 |       ||     4
Armor: Robe              |    63 |    71 |   158 |   228 ||   520
       Skin              |       |       |       |    39 ||    39
Dodge: Dodged            |   175 |    86 |   231 |   389 ||   881

Table legend:
 A = Spawn XP
 B = Non-spawn XP
 C = Spawn XP percentage of total XP
 D = Spawn monster count
 E = Non-spawn monster count
 F = Spawn count percentage of total count
 G = Total turns spent on level
                    A         B        C        D         E        F      G
               +---------+---------+-------+---------+---------+-------+---------
         Total |       0 |   17503 |   0.0 |       0 |     283 |   0.0 | 14344
               +---------+---------+-------+---------+---------+-------+---------
           D:1 |       0 |      40 |   0.0 |       0 |      24 |   0.0 |  1118
           D:2 |       0 |     159 |   0.0 |       0 |      34 |   0.0 |  2400
           D:3 |       0 |     188 |   0.0 |       0 |      20 |   0.0 |   843
           D:4 |       0 |     591 |   0.0 |       0 |      35 |   0.0 |  1135
           D:5 |       0 |    1014 |   0.0 |       0 |      24 |   0.0 |  1681
           D:6 |       0 |    1220 |   0.0 |       0 |      15 |   0.0 |  1280
           D:7 |       0 |    1576 |   0.0 |       0 |      13 |   0.0 |  1323
           D:8 |       0 |    3192 |   0.0 |       0 |      27 |   0.0 |   962
           D:9 |       0 |    1756 |   0.0 |       0 |      47 |   0.0 |   997
          D:10 |       0 |    2213 |   0.0 |       0 |      27 |   0.0 |  1098
        Lair:1 |       0 |    5199 |   0.0 |       0 |      16 |   0.0 |  1347
        Lair:2 |       0 |     355 |   0.0 |       0 |       1 |   0.0 |    47
               +---------+---------+-------+---------+---------+-------+---------
